 Dungeon Crawl Stone Soup version 0.20.0-15-g7f486f2 (webtiles) character file.

57498 Malak the Severer (level 14, -7/106 HPs)
             Began as a Hill Orc Fighter on June 18, 2017.
             Was a High Priest of Makhleb.
             Mangled by an emperor scorpion (11 damage)
             ... on level 2 of the Spider Nest on June 19, 2017.
             The game lasted 01:40:07 (15781 turns).

Malak the Severer (Hill Orc Fighter)               Turns: 15781, Time: 01:40:08

Health: -7/106     AC: 25    Str: 27    XL:     14   Next: 86%
Magic:  23/23      EV:  8    Int:  8    God:    Makhleb [*****.]
Gold:   1166       SH: 14    Dex: 13    Spells: 13/13 levels left

rFire    + . .     SeeInvis .   F - +1 war axe (freeze)
rCold    . . .     Gourm    .   c - +0 shield
rNeg     + . .     Faith    .   M - +15 Maxwell's patent armour {-Cast -Tele rElec MR+ rCorr}
rPois    +         Spirit   .   H - +0 helmet
rElec    +         Reflect  .   (no cloak)
rCorr    +         Harm     .   e - +0 pair of gloves
MR       ++++.     NoTele   +   t - +1 pair of boots {Fly} Stlth ..........NoCast +
                                (no amulet)
Regen    0.3/turn               r - ring "Qatwylan" {rN+ MR+ Str+3 Dex+3}
MPRegen  0.2/turn               T - ring of poison resistance

@: lethally poisoned (-7 -> -22), corroded, flying, studying Slings
A: blurry vision 2, fire resistance 1, frail 1, magic resistance 1, screaming 1
a: Minor Destruction, Lesser Servant of Makhleb, Major Destruction, Greater
Servant of Makhleb, Renounce Religion, Stop Flying


You were on level 2 of the Spider Nest.
You worshipped Makhleb.
Makhleb was extremely pleased with you.
You were not hungry.

You visited 4 branches of the dungeon, and saw 18 of its levels.

You collected 1166 gold pieces.

Inventory:

Hand Weapons
 y - a +1 trident of venom
 F - a +1 war axe of freezing (weapon)
Armour
 c - a +0 shield (worn)
 e - a +0 pair of gloves (worn)
 t - a +1 pair of boots of flying (worn)
 H - a +0 helmet (worn)
 M - the +15 Maxwell's patent armour (worn) {-Cast -Tele rElec MR+ rCorr}
   (You found it on level 6 of the Dungeon)

   It insulates you from electricity.
   It affects your resistance to hostile enchantments.
   It prevents spellcasting.
   It prevents most forms of teleportation.
   It protects you from acid and corrosion.
Jewellery
 j - an uncursed ring of ice
 m - an uncursed ring of fire
 r - the ring "Qatwylan" (left hand) {rN+ MR+ Str+3 Dex+3}
   (You found it on level 1 of the Spider Nest)

   [ring of positive energy]

   It affects your strength (+3).
   It affects your dexterity (+3).
   It protects you from negative energy.
   It affects your resistance to hostile enchantments.
 v - an uncursed ring of flight
 w - an uncursed ring of see invisible
 D - the cursed ring of Rivan {Str+7 Dex-5}
   (You found it on level 2 of the Spider Nest)

   [ring of dexterity]

   It affects your strength (+7).
   It affects your dexterity (-5).
   It has a curse placed upon it.
 I - a +5 ring of evasion
 Q - an uncursed ring of ice
 T - a ring of poison resistance (right hand)
 W - the ring of Taixajept {rC- MR+ Int+4}
   (You found it on level 1 of the Spider Nest)

   [ring of protection from magic]

   It affects your intelligence (+4).
   It makes you vulnerable to cold.
   It affects your resistance to hostile enchantments.
Wands
 l - a wand of digging (11/24)
 L - a wand of enslavement (8/24)
 V - a wand of disintegration (15/24)
 X - a wand of digging (14/24)
Scrolls
 a - a scroll of amnesia
 i - 11 scrolls of remove curse
 p - 2 scrolls of identify
 q - 4 scrolls of teleportation
 A - 6 scrolls of enchant weapon
 K - a scroll of fear
 Y - a scroll of magic mapping
 Z - 2 scrolls of recharging
Potions
 d - 3 potions of might
 h - 4 potions of heal wounds
 n - a potion of ambrosia
 o - a potion of invisibility
 s - a potion of brilliance
 u - 2 potions of agility
 B - 8 potions of curing
 G - 3 potions of resistance
Books
 k - a manual of Slings
Miscellaneous
 z - 2 phantom mirrors
 E - a box of beasts
 S - a lamp of fire
Comestibles
 b - 29 fruits
 f - 9 bread rations
 g - 4 meat rations
 x - 23 royal jellies


   Skills:
 + Level 9.1 Fighting
 - Level 16.1 Axes
 - Level 14.0 Armour
 - Level 15.0 Shields
 - Level 12.3 Invocations


You had 13 spell levels left.
You didn't know any spells.

Dungeon Overview and Level Annotations

Branches:
Dungeon (9/15)             Temple (1/1) D:5            Lair (6/6) D:8
 Shoals (0/4) Lair:3       Spider (2/4) Lair:3        Slime (0/5) Lair:5
    Orc: D:9-12

Altars:
Cheibriados
Dithmenos
Fedhas
Gozag
Hepliaklqana
Makhleb
Ru
Trog
Xom
Yredelemnul
Zin
The Shining One
Jiyva


Innate Abilities, Weirdness & Mutations

Scrolls take you longer to read.
Your flesh is heat resistant. (rF+)
You are frail. (-10% HP)
You are resistant to hostile enchantments. (MR+)
You occasionally shout uncontrollably at your foes.


Message History

You feel very sick.
You block the demonic crawler's attack. x2
The demonic crawler completely misses you.
The emperor scorpion barely misses you. The emperor scorpion claws you!
* * * LOW HITPOINT WARNING * * *
The emperor scorpion barely misses you.
The entropy weaver mumbles some strange words.
The entropic weave corrodes you! You block the moth of wrath's attack.
You block the demonic crawler's attack.
The demonic crawler hits you but does no damage.
The demonic crawler completely misses you.
* * * LOW HITPOINT WARNING * * *
You feel sick.
You block the emperor scorpion's attack.
The emperor scorpion claws you but does no damage. x2
You feel much better.
You feel sick. The emperor scorpion stings you!!
* * * LOW HITPOINT WARNING * * *
You block the emperor scorpion's attack.
The emperor scorpion claws you!
You die...

#..#.#.##..#........#..#
......###..#.#........#
....^#.......#.ss.#....#
#.#..^.....>.....#..####
### .###..#.........s###
. # #
###...[#...#....#..
###......#s†....#
#.....#s......#
####..@sya(#.##
##...#### ##..^..#
#...#..## # #(......# #
####...## # ##.## # ###
#


You could see 2 emperor scorpions, an entropy weaver, a demonic crawler, a moth
of wrath and a redback (berserk).

Vanquished Creatures
  An entropy weaver (Spider:1)
  Nessos (Lair:4)
  The ghost of ThereIsNoGod the Grappler, a journeyman TrMo of Okawaru (Lair:1)
  5 hydras
  Erica (D:9)
  2 catoblepae (Lair:6)
  5 death yaks (Lair:6)
  9 orb spiders
  An oklob plant (Lair:3)
  11 wolf spiders
  2 manticores (Lair:6)
  3 elephants (Lair:3)
  Joseph (D:7)
  2 merfolk sirens (Lair:3)
  2 black mambas
  7 spiny frogs
  3 demonic crawlers (Spider:2)
  6 komodo dragons
  A rime drake (Lair:6)
  2 merfolk (Lair:3)
  A queen bee (Lair:1)
  15 jumping spiders
  Prince Ribbit (D:6)
  8 blink frogs
  A hippogriff (Lair:1)
  6 dream sheep (Lair:6)
  28 redbacks
  A human (D:7)
  11 tarantellas
  Grum (Lair:1)
  3 basilisks
  4 hogs (D:7)
  26 yaks
  2 hungry ghosts
  13 water moccasins
  An ice beast (D:8)
  6 porcupines
  A sky beast (D:7)
  2 orc warriors
  An eye of draining (D:6)
  A black bear (D:7)
  2 phantoms
  40 wolves
  2 centaurs (D:8)
  9 crocodiles
  14 bullfrogs
  A water moccasin zombie (D:8)
  3 scorpions
  21 killer bees (Lair:1)
  3 wights (D:8)
  5 howler monkeys
  An electric eel (Spider:1)
  A bullfrog zombie (D:8)
  3 crimson imps
  6 jellies
  A lava snake (Lair:3)
  5 hounds
  11 orc priests
  A centaur skeleton (D:9)
  19 orc wizards
  A bullfrog skeleton (D:9)
  4 iguanas
  Terence (D:2)
  4 hell rats (Lair:2)
  8 worker ants
  4 hound skeletons
  A worker ant zombie (D:8)
  2 howler monkey skeletons
  4 gnolls (D:4)
  6 adders
  A shadow imp (D:5)
  8 oozes
  An adder zombie (D:5)
  2 adder skeletons
  3 worms
  A dart slug (D:3)
  9 leopard geckos
  34 orcs
  3 giant cockroaches
  6 goblins
  5 hobgoblins
  8 jackals
  14 kobolds
  4 quokkas
  A ball python (D:2)
  11 bats
  6 frilled lizards
  A jackal zombie (D:6)
  A leopard gecko skeleton (D:4)
  10 rats
  5 fungi
  A plant (Lair:4)
517 creatures vanquished.

Vanquished Creatures (collateral kills)
  A hydra (Lair:1)
  A catoblepas (Lair:6)
  A wolf spider (Spider:1)
  A komodo dragon (Lair:6)
  A jumping spider (Lair:3)
  A hornet (Spider:1)
  A blink frog (Lair:6)
  2 yaks (Lair:6)
  3 redbacks (Spider:2)
  A water moccasin (Lair:2)
  5 wolves (Lair:2)
  A bullfrog (Lair:4)
  3 killer bees (Lair:1)
22 creatures vanquished.

Vanquished Creatures (others)
  A redback (Spider:1)
  A tarantella (Spider:1)
  6 fungi
  3 plants (Lair:6)
  8 toadstools (D:2)
19 creatures vanquished.

Grand Total: 558 creatures vanquished

Notes
Turn   | Place    | Note
-------+----------+-------------------------------------------
     0 | D:1      | Malak the Hill Orc Fighter began the quest for the Orb.
     0 | D:1      | Reached XP level 1. HP: 19/19 MP: 1/1
    12 | D:1      | Reached skill level 3 in Axes
   114 | D:1      | Reached XP level 2. HP: 26/26 MP: 2/2
   327 | D:1      | Reached skill level 4 in Axes
   607 | D:2      | Reached XP level 3. HP: 25/31 MP: 3/3
   749 | D:2      | Noticed Terence
   756 | D:2      | Killed Terence
   756 | D:2      | Reached skill level 5 in Axes
   859 | D:2      | Reached XP level 4. HP: 39/39 MP: 4/4
  1060 | D:2      | Found a hazy altar of Hepliaklqana.
  1335 | D:2      | Reached skill level 6 in Axes
  1440 | D:2      | Reached XP level 5. HP: 21/45 MP: 5/5
  1447 | D:2      | Reached skill level 7 in Axes
  1806 | D:3      | Reached skill level 8 in Axes
  1806 | D:3      | Reached XP level 6. HP: 38/51 MP: 6/6
  2817 | D:4      | Reached skill level 9 in Axes
  3111 | D:4      | Found a sacrificial altar of Ru.
  3129 | D:4      | Reached XP level 7. HP: 51/57 MP: 7/7
  3392 | D:4      | Reached skill level 10 in Axes
  3693 | D:5      | Entered Level 5 of the Dungeon
  3829 | D:5      | Reached skill level 11 in Axes
  4025 | D:5      | Found a shimmering altar of Xom.
  4217 | D:5      | Found a staircase to the Ecumenical Temple.
  4230 | Temple   | Entered the Ecumenical Temple
  4265 | Temple   | Became a worshipper of Makhleb the Destroyer
  4390 | D:5      | Reached XP level 8. HP: 64/64 MP: 8/8
  4504 | D:5      | Reached skill level 12 in Axes
  5024 | D:6      | Reached skill level 13 in Axes
  5104 | D:6      | Noticed Prince Ribbit
  5114 | D:6      | Killed Prince Ribbit
  5246 | D:6      | Reached skill level 14 in Axes
  5246 | D:6      | Reached XP level 9. HP: 70/70 MP: 9/9
  5394 | D:7      | Reached * piety under Makhleb
  5447 | D:7      | Reached skill level 15 in Axes
  5564 | D:7      | Noticed Joseph
  5579 | D:7      | Killed Joseph
  5666 | D:7      | Reached skill level 16 in Axes
  5781 | D:7      | Reached skill level 5 in Shields
  5781 | D:7      | Reached XP level 10. HP: 77/77 MP: 10/10
  5789 | D:7      | Reached ** piety under Makhleb
  6552 | D:8      | Found a staircase to the Lair.
  6572 | Lair:1   | Entered Level 1 of the Lair of Beasts
  6625 | Lair:1   | Noticed Grum
  6640 | Lair:1   | Killed Grum
  6756 | Lair:1   | Reached skill level 5 in Armour
  6797 | Lair:1   | Noticed ThereIsNoGod's ghost (journeyman TrMo)
  7321 | D:9      | Noticed Erica
  7336 | D:9      | Killed Erica
  7336 | D:9      | Reached XP level 11. HP: 78/82 MP: 11/11
  7373 | D:9      | Reached *** piety under Makhleb
  7710 | D:9      | Reached skill level 1 in Invocations
  7915 | Lair:1   | Killed ThereIsNoGod's ghost
  8176 | Lair:1   | Reached skill level 5 in Invocations
  8210 | Lair:1   | Noticed an eight-headed hydra
  8229 | Lair:1   | Killed an eight-headed hydra
  8866 | Lair:1   | Reached skill level 10 in Invocations
  8948 | Lair:2   | Reached **** piety under Makhleb
  8953 | Lair:2   | Reached XP level 12. HP: 90/90 MP: 20/20
  9727 | Lair:3   | Reached skill level 10 in Armour
  9822 | Lair:3   | Found a hole to the Spider Nest.
  9939 | Lair:3   | Found a staircase to the Shoals.
 10292 | Lair:3   | Noticed a six-headed hydra
 10300 | Lair:3   | Killed a six-headed hydra
 10501 | Lair:4   | Noticed Nessos
 10523 | Lair:4   | Killed Nessos
 10678 | Lair:4   | Reached XP level 13. HP: 82/95 MP: 22/22
 11239 | Lair:4   | Gained mutation: You occasionally shout uncontrollably at your foes. [potion of mutation]
 11239 | Lair:4   | Gained mutation: You are resistant to hostile enchantments. (MR+) [potion of mutation]
 11239 | Lair:4   | Gained mutation: You are frail. (-10% HP) [potion of mutation]
 11239 | Lair:4   | Gained mutation: Your flesh is heat resistant. (rF+) [potion of mutation]
 11754 | Lair:5   | Found a staircase to the Slime Pits.
 11755 | Lair:5   | Found a viscous altar of Jiyva.
 11887 | Lair:5   | Reached ***** piety under Makhleb
 12446 | Lair:6   | Entered Level 6 of the Lair of Beasts
 12606 | Lair:6   | Reached skill level 10 in Shields
 13498 | Lair:6   | Reached XP level 14. HP: 57/91 MP: 23/23
 14242 | Spider:1 | Entered Level 1 of the Spider Nest
 14352 | Spider:1 | Noticed an entropy weaver
 14384 | Spider:1 | Killed an entropy weaver
 14755 | Spider:1 | Found a transporter.
 14786 | Spider:1 | Found a transporter.
 14812 | Spider:1 | Gained mutation: Scrolls take you a little longer to read. [the power of Zot]
 14812 | Spider:1 | Gained mutation: Scrolls take you longer to read. [the power of Zot]
 14836 | Spider:1 | Reached skill level 15 in Shields
 14854 | Spider:1 | Got a faintly glowing ivory ring
 14872 | Spider:1 | Identified the ring of Taixajept {rC- MR+ Int+4} (You found it on level 1 of the Spider Nest)
 14875 | Spider:1 | Got a coiled wooden ring
 14956 | Spider:1 | Identified the ring "Qatwylan" {rN+ MR+ Str+3 Dex+3} (You found it on level 1 of the Spider Nest)
 15248 | Spider:2 | Reached skill level 5 in Fighting
 15498 | Spider:2 | Got a warped pewter ring
 15501 | Spider:2 | Identified the cursed ring of Rivan {Str+7 Dex-5} (You found it on level 2 of the Spider Nest)
 15760 | Spider:2 | Noticed an entropy weaver
 15763 | Spider:2 | Noticed an emperor scorpion
 15769 | Spider:2 | Noticed an emperor scorpion
 15781 | Spider:2 | HP: 4/106 [emperor scorpion (29)]
 15781 | Spider:2 | Mangled by an emperor scorpion

Skill      XL: |  1  2  3  4  5  6  7  8  9 10 11 12 13 14 |
---------------+-------------------------------------------+-----
Axes           | 3 4 5 6 8 9 11 14 16 | 16.1
Shields        | 5 9 13 15 | 15.0
Armour         | 7 8 12 14 | 14.0
Invocations    | 11 12 | 12.3
Fighting       | 9 |  9.1

Action                   |  1- 3 |  4- 6 |  7- 9 | 10-12 | 13-15 || total
-------------------------+-------+-------+-------+-------+-------++-------
Melee: War axe           |    99 |   203 |   296 |   601 |   604 ||  1803
       Trident           |       |    33 |       |     6 |       ||    39
       Battleaxe         |       |       |       |    47 |       ||    47
Throw: Tomahawk          |       |       |     3 |       |       ||     3
Invok: Minor Destruction |       |       |       |    99 |   251 ||   350
       Lesser Servant of |       |       |       |     9 |    10 ||    19
       Major Destruction |       |       |       |     1 |     2 ||     3
       Greater Servant o |       |       |       |       |     2 ||     2
Evoke: Lamp of fire      |       |       |       |       |     1 ||     1
  Use: Scroll            |       |       |     3 |     7 |    12 ||    22
       Potion            |       |       |       |     3 |    11 ||    14
 Stab: Distracted        |       |       |       |     3 |     2 ||     5
       Confused          |       |       |       |       |     1 ||     1
  Eat: Chunk             |       |     7 |     8 |    17 |    15 ||    47
       Bread ration      |       |       |     1 |       |       ||     1
       Fruit             |       |       |       |       |     2 ||     2
Armor: Scale mail        |    50 |    88 |    37 |       |       ||   175
       Plate armour      |       |       |    60 |   357 |   366 ||   783
       Skin              |       |       |     1 |       |       ||     1
Dodge: Dodged            |    23 |    65 |    55 |   265 |   211 ||   619
Block: Shield            |    45 |   103 |    94 |   341 |   421 ||  1004
